 Dungeon Crawl Stone Soup version bcrawl-1.34.4 (webtiles) character file.

Game seed: 3776376962966849975

167243 KristoblXynda the Skirmisher (level 3, -3/33 HPs)
             Began as a Draconian Gladiator on Oct 20, 2021.
             Slain by a gnoll
             ... wielding a +0 halberd
              (4 damage)
             ... on level 2 of the Dungeon.
             The game lasted 00:02:25 (882 turns).

KristoblXynda the Skirmisher (Draconian Gladiator)   Turns: 882, Time: 00:02:26

Health: -3/33      AC:  6    Str: 17    XL:     3   Next: 83%
Magic:  3/3        EV: 13    Int:  8    God:
Gold:   94         SH:  1    Dex: 12    Spells: 2/2 levels left

rFire    . . .     SeeInvis .   a - +0 long sword
rCold    . . .     Gourm    .   (no shield)
rNeg     . . .     Faith    .   (armour unavailable)
rPois    .         Spirit   .   b - +1 hat
rElec    .         Reflect  .   (no cloak)
rCorr    .         Harm     .   (no gloves)
MR       .....                  (no boots)
Stlth    +.........             (no amulet)
HPRegen  0.11/turn              (no ring)
MPRegen  0.08/turn              (no ring)

@: no status effects
A: unfitting armour, cold-blooded, AC +5
a: no special abilities


You were on level 2 of the Dungeon.
You were hungry.

You visited 1 branch of the dungeon, and saw 2 of its levels.

You collected 94 gold pieces.

Inventory:

Hand Weapons
 a - a +0 long sword (weapon)
Missiles
 c - 3 throwing nets (quivered) {=f}
Armour
 b - a +1 hat (worn)
Scrolls
 h - a scroll of remove curse {unknown}
 i - a scroll of fear {unknown}
 j - a scroll of immolation {unknown}
 m - a scroll of enchant armour {unknown}
Potions
 d - 2 potions of heal wounds
 f - a potion of mutation {unknown}
 g - a potion of ambrosia {unknown}
 k - 2 potions of agility {unknown}
 l - 2 potions of cancellation {unknown}
 n - a potion of resistance {unknown}
Comestibles
 e - 5 rations {!d}


   Skills:
 + Level 3.8 Fighting
 + Level 3.5 Long Blades
 + Level 2.5 Throwing
 + Level 3.1 Dodging


You had 2 spell levels left.
You didn't know any spells.
Your spell library was empty.

Dungeon Overview and Level Annotations

Branches:
Dungeon (2/12)

Altars:


Innate Abilities, Weirdness & Mutations

Your plain brown scales are hard. (AC +5)
You cannot fit into any form of body armour.
You are cold-blooded and may be slowed by cold attacks.


Message History

You slash the hobgoblin!
You kill the hobgoblin!
The gnoll closely misses you.
You barely miss the gnoll. The gnoll hits you but does no damage.
You hit the gnoll but do no damage. The gnoll completely misses you.
You barely miss the gnoll. The gnoll hits you with a +0 halberd!
You hit the gnoll.
The gnoll is lightly wounded.
The gnoll hits you with a +0 halberd!
You hit the gnoll but do no damage.
The gnoll is lightly wounded.
The gnoll hits you with a +0 halberd.
You hit the gnoll but do no damage.
The gnoll is lightly wounded.
The gnoll hits you with a +0 halberd!
* * * LOW HITPOINT WARNING * * *
You barely miss the gnoll.
The gnoll is lightly wounded.
The gnoll hits you with a +0 halberd.
You die...

.##...................##.....#
.....................###.....#
......†.............####.....#
#..........##..########......#
...........#..## ###.)......#
...........#.## ##...##.....#
.............# ##..####.....#
##..>.....#..####..## #.....#
#...(.......gg@..## #.....#
#...[..#....g##### #######
#?.....#.....# #.....g#....K#
.#.g...###...# #..... ###...
##..g. ..... ##g.. ....[


You could see 3 gnolls.

Vanquished Creatures
  An adder (D:2)
  4 dart slugs
  2 leopard geckos
  6 bats
  2 giant cockroaches
  5 goblins
  4 hobgoblins
  5 jackals (D:2)
  A frilled lizard (D:1)
  5 kobolds
  2 rats (D:1)
37 creatures vanquished.

Notes
Turn   | Place    | Note
-------+----------+-------------------------------------------
     0 | D:1      | KristoblXynda the Draconian Gladiator began the quest for
                  | the Orb.
     0 | D:1      | Reached XP level 1. HP: 19/19 MP: 1/1
   213 | D:1      | Reached XP level 2. HP: 26/26 MP: 2/2
   462 | D:1      | Reached XP level 3. HP: 31/31 MP: 3/3
   881 | D:2      | HP: 1/33 [gnoll/+0 halberd (10)]
   882 | D:2      | Slain by a gnoll

Skill      XL: |  1  2 |
---------------+-------+-----
Throwing       | 2 |  2.5
Dodging        | 3 |  3.1
Fighting       | |  3.8
Long Blades    | |  3.5

Action                   || total
-------------------------++-------
Melee: Long sword        ||   104
       Tailslap          ||     7
 Stab: Sleeping          ||     1
       Distracted        ||     1
  Eat: Chunk             ||     2
Armor: Skin              ||    44
Dodge: Dodged            ||    70
Block: Other             ||     2
